 Seeded DCSS version 0.30-a0-808-g6e0788376e (webtiles) character file.

Game seed: 2 (custom seed)

17 Misst the Ruffian (level 2, -2/24 HPs)
             Began as a Human Berserker on Feb 25, 2023.
             Was a Follower of Trog.
             Slain by a kobold
             ... wielding a +0 short sword
              (4 damage)
             ... on level 1 of the Dungeon.
             The game lasted 00:02:58 (687 turns).

Misst the Ruffian (Human Berserker)                  Turns: 687, Time: 00:02:58

Health: -2/24      AC:  2    Str: 17    XL:     2   Next: 80%
Magic:  2/2        EV: 12    Int:  7    God:    Trog [*.....]
Gold:   26         SH:  0    Dex: 12    Spells: 1/1 levels left

rFire   . . .      SeeInvis .    i - +0 club
rCold   . . .      Faith    .    (no shield)
rNeg    . . .      Spirit   .    a - +0 animal skin
rPois   .          Reflect  .    (no helmet)
rElec   .          Harm     .    (no cloak)
rCorr   .          Rampage  .    (no gloves)
Will    .....                    (no boots)
Stlth   +                        (no amulet)
HPRegen 0.24/turn                (no ring)
MPRegen 0.08/turn                (no ring)

@: no status effects
A: no striking features
a: Renounce Religion, Berserk


You were on level 1 of the Dungeon.
You worshipped Trog.
Trog was aware of your devotion.
You visited 1 branch of the dungeon, and saw 2 of its levels.

You collected 26 gold pieces.

Inventory:

Hand Weapons
 d - a +0 sling
 i - a +0 club (weapon)
Armour
 a - a +0 animal skin (worn)
Scrolls
 c - a scroll of acquirement {unknown}
 h - a scroll of identify {unknown}
Potions
 b - a potion of flight {unknown}
 e - a potion of magic {unknown}
 f - a potion of lignification {unknown}
 g - a potion of heal wounds {unknown}


   Skills:
 + Level 3.3 Fighting
 + Level 2.1 Armour
 + Level 2.1 Dodging
 + Level 3.4 Unarmed Combat


You had one spell level left.
You didn't know any spells.
Your spell library contained the following spells:

 Spells                   Type           Power      Damage    Failure   Level
 Sting                    Tmut/Pois      0%         1d3       43%         1


Dungeon Overview and Level Annotations

Branches:
Dungeon (2/15)

Altars:

Annotations:
D:2 Natasha


Message History

The giant cockroach bites you but does no damage.
The kobold attacks as you move away! The kobold misses you.
The giant cockroach barely misses you. The kobold attacks as you move away!
The kobold hits you but does no damage. The giant cockroach bites you.
* * * LOW HITPOINT WARNING * * *
The kobold attacks as you move away! The kobold completely misses you.
The kobold attacks as you move away!
The kobold hits you with a +0 short sword.
* * * LOW HITPOINT WARNING * * *
The kobold attacks as you move away!
The kobold hits you with a +0 short sword.
* * * LOW HITPOINT WARNING * * *
The giant cockroach attacks as you move away!
The giant cockroach bites you.
* * * LOW HITPOINT WARNING * * *
You open the door. The kobold hits you but does no damage.
The giant cockroach bites you but does no damage.
There is an open door here.
The giant cockroach attacks as you move away!
The giant cockroach completely misses you.
There's nothing to open nearby.
You closely miss the kobold.
The kobold hits you with a +0 short sword.
* * * LOW HITPOINT WARNING * * *
The giant cockroach waves its antennae.
The kobold hits you but does no damage.
You closely miss the kobold. The kobold closely misses you.
You closely miss the kobold. The kobold hits you but does no damage.
You barely miss the kobold. The kobold misses you.
The kobold completely misses you.
You closely miss the kobold. The kobold closely misses you.
You barely miss the kobold. The kobold closely misses you.
You hit the kobold but do no damage. The kobold barely misses you.
You hit the kobold.
The kobold is moderately wounded.
The kobold hits you with a +0 short sword.
* * * LOW HITPOINT WARNING * * *
The kobold hits you with a +0 short sword.
You die...

## ### #.#.....................
#.#####.#[##############.##.##
#.........................#...
###.#####..#####################
...#.......# ..................
####.#.###...# ##...#..#########
...............# #.K.#..##
.###.#.####.######r......#
................@KSB.....#
.####.#####.######Bg.....#
#.........# ###.....#
#.#.####..########.....#
#.#....................#
###.#.###########.^##....#
............... #..PP#g.K##
.##.#.########.##(.##P#...#
.##.#..# #..#....#.#..#


You could see a quokka, 2 giant cockroaches, a goblin, a ball python and 2
kobolds.

Vanquished Creatures
  A dart slug (D:1)
  A ball python (D:2)
  An endoplasm (D:1)
  A giant cockroach (D:2)
  A goblin (D:1)
  2 hobgoblins (D:1)
  2 quokkas (D:1)
  2 bats (D:1)
  A frilled lizard (D:1)
  A rat (D:1)
13 creatures vanquished.

Notes
Turn   | Place    | Note
-------+----------+-------------------------------------------
     0 | D:1      | Misst the Human Berserker began the quest for the Orb.
     0 | D:1      | Reached XP level 1. HP: 18/18 MP: 1/1
   226 | D:2      | Noticed Natasha
   231 | D:2      | Reached XP level 2. HP: 9/24 MP: 2/2
   622 | D:1      | Found a faded altar of an unknown god.
   631 | D:1      | Got Plato's Compilation of Poisoning
   674 | D:1      | HP: 1/24 [giant cockroach (1)]
   687 | D:1      | Slain by a kobold

Illustrated notes

Levels and vault maps discovered:
D:1:      dpeg_arrival_lava_altar, layout_basic,
          shapermc_ecumenical_altar_rom_forum
D:2:      layout_rooms, solitary_fountain, minmay_tromino_v4_a, uniq_natasha

Action                     || total
---------------------------++-------
  Melee: Unarmed           ||    41
         Club              ||    15
   Stab: Sleeping          ||     1
 Armour: Animal skin       ||    15
  Dodge: Dodged            ||    63

Table legend: (Time is in decaauts)
 A = Elapsed time spent in this place.
 B = Non-inter-level travel time spent in this place.
 C = Inter-level travel time spent in this place.
 D = Time resting spent in this place.
 E = Time spent auto-exploring this place.
 F = Levels seen in this place.
 G = Mean time per level.
                   A        B        C        D        E       F      G
               +--------+--------+--------+--------+--------+-----+--------+
         Total |    688 |    628 |     60 |     62 |    399 |   2 |  344.0 |
       Dungeon |    688 |    628 |     60 |     62 |    399 |   2 |  344.0 |
               +--------+--------+--------+--------+--------+-----+--------+

Top non-repeatable levels by time:
     D:1: 592 daAuts
     D:2: 95 daAuts
